 Dungeon Crawl Stone Soup version 0.26.1-11-gd32895ea62 (webtiles) character file.

Game seed: 1531198305977124686

213 dtburroughs the Chopper (level 5, -4/47 HPs)
             Began as a Minotaur Berserker on July 20, 2021.
             Was a Believer of Trog.
             Slain by a large abomination (29 damage)
             ... on level 1 of the Abyss.
             The game lasted 00:03:03 (2118 turns).

dtburroughs the Chopper (Minotaur Berserker)        Turns: 2118, Time: 00:03:04

Health: -4/47      AC:  9    Str: 22    XL:     5   Next: 59%
Magic:  4/4        EV:  9    Int:  5    God:    Trog [**....]
Gold:   179        SH:  0    Dex:  9    Spells: 4/4 levels left

rFire    . . .     SeeInvis .   a - +0 hand axe
rCold    . . .     Faith    .   (no shield)
rNeg     . . .     Spirit   .   r - +0 chain mail
rPois    .         Reflect  .   (helmet restricted)
rElec    .         Harm     .   (no cloak)
rCorr    .         Rampage  .   (no gloves)
Will     .....                  (no boots)
Stlth    ..........             (no amulet)
HPRegen  0.15/turn              (no ring)
MPRegen  0.09/turn              (no ring)

@: no status effects
A: retaliatory headbutt, horns 2
a: Renounce Religion, Berserk, Trog's Hand


You were on level 1 of the Abyss.
You worshipped Trog.
Trog was pleased with you.
You visited 1 branch of the dungeon, and saw 4 of its levels.
You visited the Abyss 1 time.

You collected 179 gold pieces.

Inventory:

Hand Weapons
 a - a +0 hand axe (weapon)
Armour
 r - a +0 chain mail (worn)
Jewellery
 h - an uncursed ring of resist corrosion {unknown}
 i - an uncursed ring of willpower {unknown}
 j - an uncursed amulet of magic regeneration {unknown}
Wands
 f - a wand of polymorph (9)
Scrolls
 c - 3 scrolls of magic mapping {unknown}
 d - 3 scrolls of immolation {unknown}
 g - 2 scrolls of blinking {unknown}
 k - 4 scrolls of teleportation {unknown}
 l - 4 scrolls of identify {unknown}
 n - a scroll of amnesia {unknown}
Potions
 b - 2 potions of degeneration {unknown}
 e - a potion of flight {unknown}
 m - a potion of resistance {unknown}
 o - a potion of attraction {unknown}
 p - a potion of haste {unknown}
 q - 4 potions of curing {unknown}


   Skills:
 + Level 4.9 Fighting
 + Level 4.9 Axes
 + Level 4.1 Armour
 + Level 3.7 Dodging


You had 4 spell levels left.
You didn't know any spells.
Your spell library was empty.

Dungeon Overview and Level Annotations

Branches:
Dungeon (4/15)
 Temple: D:4-7

Altars:


Innate Abilities, Weirdness & Mutations

You reflexively headbutt those who attack you in melee.
You have a pair of horns on your head.


Message History

The kobold hits you but does no damage.
You are cast into the Abyss!
To return, you must find a gate leading back.
Killing monsters will force the Abyss to allow you passage.
This branch contains the abyssal rune of Zot.
Found a gateway leading deeper into the Abyss.
There is a gateway leading deeper into the Abyss here.
You recover from your berserk rage.
You feel the effects of Trog's Hand fading.
Your skin stops crawling.
You feel less strong-willed.
A large abomination comes into view.
A sun demon comes into view.
The large abomination hits you!!
The sun demon shouts!
The large abomination hits you but does no damage.
You hit the sun demon but do no damage. You barely miss the large abomination.
The sun demon hits you but does no damage.
The large abomination hits you!!
Ouch! That really hurt!
You die...

# #. # X .
# ##
#.#.##.##
#.......#
####..###
#.#.3#...#
#.#@#..# ##
#.X###....#
#..#.#.. ##
#..##. ..#
####
#...##...##
. ####.####
.# .#
###... .#.
# ## #...#
## ...
..#..


You could see a sun demon and a large abomination.

Vanquished Creatures
  Sigmund (D:3)
  A dart slug (D:1)
  4 giant cockroaches
  9 goblins
  4 hobgoblins
  4 jackals (D:1)
  3 bats
  2 frilled lizards (D:3)
  4 kobolds
  A quokka skeleton (D:3)
  5 rats
38 creatures vanquished.

Notes
Turn   | Place    | Note
-------+----------+-------------------------------------------
     0 | D:1      | dtburroughs the Minotaur Berserker began the quest for the
                  | Orb.
     0 | D:1      | Reached XP level 1. HP: 19/19 MP: 0/0
   200 | D:1      | Reached XP level 2. HP: 27/27 MP: 1/1
   444 | D:1      | Reached XP level 3. HP: 29/33 MP: 2/2
  1297 | D:2      | Reached ** piety under Trog
  1407 | D:2      | You fall into a shaft and drop 2 floors!
  2020 | D:3      | Noticed Sigmund
  2032 | D:3      | Killed Sigmund
  2033 | D:3      | Reached XP level 4. HP: 10/41 MP: 3/3
  2033 | D:3      | Reached XP level 5. HP: 12/47 MP: 4/4
  2070 | D:3      | Cast into level 1 of the Abyss (kobold)
  2104 | Abyss:1  | Noticed a large abomination
  2116 | Abyss:1  | Noticed a sun demon
  2118 | Abyss:1  | Slain by a large abomination

Illustrated notes

Levels and vault maps discovered:
D:1:      minmay_arrival_split_and_join, layout_basic
D:2:      layout_basic, minmay_splitting_lines
D:3:      layout_basic, minmay_lizard_king, uniq_terence, uniq_sigmund,
          uniq_grinder
D:4:      layout_basic
Abyss:1:  base:
D:3

Skill      XL: |  1  2  3 |
---------------+----------+-----
Axes           | 4 |  4.9
Armour         | 3 4 |  4.1
Fighting       | 4 |  4.9
Dodging        | 3 |  3.7

Action                   |  1- 3 |  4- 6 || total
-------------------------+-------+-------++-------
Melee: Hand axe          |    73 |     5 ||    78
       Headbutt          |    14 |       ||    14
Invok: Trog's Hand       |     1 |     1 ||     2
       Berserk           |     1 |       ||     1
Armor: Animal skin       |     3 |       ||     3
       Ring mail         |    15 |       ||    15
       Chain mail        |     8 |     6 ||    14
Dodge: Dodged            |    44 |     2 ||    46
